 Dungeon Crawl Stone Soup version 0.29.0-4-gdea44cf6ec (webtiles) character file.

Game seed: 13074708776915949438

196 qw the Chopper (level 5, 0/44 HPs)
             Began as a Ghoul Summoner on Sept 10, 2022.
             Slain by a gnoll
             ... wielding a +0 halberd
              (3 damage)
             ... on level 3 of the Dungeon.
             The game lasted 00:00:58 (2272 turns).

qw the Chopper (Ghoul Summoner)                     Turns: 2272, Time: 00:00:59

Health: 0/44       AC:  6    Str: 14    XL:     5   Next: 75%
Magic:  2/6        EV: 11    Int: 10    God:
Gold:   139        SH:  0    Dex:  9    Spells: 6/7 levels left

rFire   . . .      SeeInvis .   Y - +1 hand axe
rCold   + . .      Faith    .   (no shield)
rNeg    + + +      Spirit   .   e - +0 leather armour
rPois   inf        Reflect  .   (no helmet)
rElec   .          Harm     .   (no cloak)
rCorr   .          Rampage  .   h - +2 pair of gloves
Will    .....                   (no boots)
Stlth   +.........              (no amulet)
HPRegen 0.00/turn               (no ring)
MPRegen 0.10/turn               (no ring)

@: inhibited regen
A: claws 1, cold resistance 1, negative energy resistance 3, inhibited
regeneration, torment resistance 2, devour on kill
a: no special abilities


You were on level 3 of the Dungeon.
You visited 1 branch of the dungeon, and saw 3 of its levels.

You collected 139 gold pieces.


Innate Abilities, Weirdness & Mutations

You are immune to poison.
You have sharp fingernails.
Your flesh is cold resistant. (rC+)
You are immune to negative energy. (rN+++)
You do not regenerate when monsters are visible.
You are immune to unholy pain and torment.
You thrive by killing the living.


   Skills:
 + Level 2.9 Fighting
 - Level 4.0 Axes
 - Level 1.7 Dodging
 - Level 2.1 Stealth
 - Level 1.7 Spellcasting
 - Level 3.6 Summonings


You had 6 spell levels left.
You knew the following spells:

 Your Spells              Type           Power      Damage    Failure   Level
a - Summon Small Mammal   Summ           32%        N/A       10%         1

Your spell library contained the following spells:

 Spells                   Type           Power      Damage    Failure   Level
 Call Imp                 Summ           8%         N/A       14%         2
 Call Canine Familiar     Summ           8%         N/A       28%         3
 Summon Guardian Golem    Hex/Summ       4%         N/A       52%         3
 Summon Lightning Spire   Summ/Air       4%         N/A       89%         4

Inventory:

Hand Weapons
 m - a +0 flail
 Y - a +1 hand axe (weapon)
Armour
 e - a +0 leather armour (worn)
 h - a +2 pair of gloves (worn)
Potions
 a - a potion of resistance {unknown}
 b - 3 potions of might {unknown}
 c - a potion of brilliance {unknown}
 d - a potion of mutation {unknown}
 f - a potion of haste {unknown}
 i - a potion of curing {unknown}
 l - a potion of flight {unknown}

Dungeon Overview and Level Annotations

Branches:
Dungeon (3/15)

Altars:
Sif Muna

Shops:
D:1 :


Message History

The gnoll hits you from afar with a +0 halberd!
A gnoll comes into view. It is wielding a +0 club.
Your rat bites the gnoll.
You see here a +0 spear.
You swap places.
The gnoll hits you from afar with a +0 halberd!
The gnoll hits you with a +0 club.
You hit the gnoll but do no damage.
The gnoll is lightly wounded.
The gnoll barely misses you. The gnoll closely misses you.
Your rat bites the gnoll.
You hit the gnoll.
The gnoll is heavily wounded.
The gnoll misses you. The gnoll barely misses you.
Your rat bites the gnoll. x2
You hit the gnoll.
The gnoll is severely wounded.
The gnoll hits you from afar with a +0 halberd.
The gnoll hits you with a +0 club.
Your rat bites the gnoll.
Your rat barely misses the gnoll.
You hit the gnoll.
You kill the gnoll!
You feel better.
The gnoll hits you from afar with a +0 halberd.
Your rat bites the hobgoblin.
Your rat bites the gnoll.
The gnoll hits you from afar with a +0 halberd.
The hobgoblin hits you but does no damage.
You barely miss the hobgoblin.
The hobgoblin is severely wounded.
Your rat barely misses the hobgoblin.
Your rat barely misses the gnoll.
The gnoll hits you from afar with a +0 halberd.
The hobgoblin hits you but does no damage.
You barely miss the hobgoblin.
The hobgoblin is severely wounded.
Your rat misses the hobgoblin.
Your rat closely misses the gnoll.
The gnoll misses you. The hobgoblin barely misses you.
You hit the hobgoblin.
You kill the hobgoblin!
Your rat bites the gnoll but does no damage.
The gnoll hits you from afar with a +0 halberd.
You die...

### ##########.##
...........########
#..###.#.........#
####.)##).>..#.##.#.#
#........##.##.##.#.#
#.##>.#####.##.##.#.#
#.#.##.)#####.##.##.#.#
.......@r....(##......#
(.......rg#########.###
~~~~~~~~~g... #.#
~.......~....# #.#
~.¤~~~~.~....# #.#
~.~...~.~....# ##.#
~.¤._.¤.~....# #..#
~.~...~.~..### #.##
.~.~..# #.#


You could see 2 gnolls and 2 friendly rats.

Vanquished Creatures
  An orc wizard (D:2)
  2 gnolls (D:3)
  3 adders
  3 orcs (D:2)
  An endoplasm (D:3)
  A giant cockroach (D:1)
  3 goblins
  4 hobgoblins
  3 kobolds (D:3)
  2 quokkas
  3 ball pythons
  A rat (D:3)
27 creatures vanquished.

Vanquished Creatures (collateral kills)
  An ogre (D:3)
  4 endoplasms
  A ball python (D:2)
  3 frilled lizards
  2 kobolds (D:1)
  2 rats (D:1)
13 creatures vanquished.

Vanquished Creatures (others)
  A fungus (D:1)
  A plant (D:1)
2 creatures vanquished.

Grand Total: 42 creatures vanquished

Notes
Turn   | Place    | Note
-------+----------+-------------------------------------------
     0 | D:1      | qw the Ghoul Summoner began the quest for the Orb.
     0 | D:1      | Reached XP level 1. HP: 14/14 MP: 2/2
     0 | D:1      | 0 ||| qw: Version: 0.1-a-116-g5d60599
     0 | D:1      | 0 ||| qw: Game counter: 7430
     0 | D:1      | 0 ||| qw: Always use a shield: true
     0 | D:1      | 0 ||| qw: God list: Okawaru
     0 | D:1      | 0 ||| qw: Allow faded altars: false
     0 | D:1      | 0 ||| qw: Do Orc after D:15 true
     0 | D:1      | 0 ||| qw: Do second Lair branch before Depths: true
     0 | D:1      | 0 ||| qw: Lair rune preference: random
     0 | D:1      | 0 ||| qw: Plans: Normal
     0 | D:1      | 0 ||| PLANNING D:1-11
    54 | D:1      | 54 ||| CASTING Summon Small Mammal
    55 | D:1      | 55 ||| CASTING Summon Small Mammal
    91 | D:1      | 91 ||| Wielding weapon +0 club.
    94 | D:1      | 94 ||| CASTING Summon Small Mammal
    95 | D:1      | 95 ||| CASTING Summon Small Mammal
   131 | D:1      | 131 ||| CASTING Summon Small Mammal
   132 | D:1      | 132 ||| CASTING Summon Small Mammal
   173 | D:1      | Found Echicut's Book Emporium.
   174 | D:1      | 174 ||| CASTING Summon Small Mammal
   175 | D:1      | 175 ||| CASTING Summon Small Mammal
   184 | D:1      | Reached skill level 1 in Axes
   290 | D:1      | 290 ||| SWAPPING to +0 short sword.
   291 | D:1      | 291 ||| DROPPING +0 club.
   300 | D:1      | 300 ||| CASTING Summon Small Mammal
   301 | D:1      | 301 ||| CASTING Summon Small Mammal
   333 | D:1      | 333 ||| CASTING Summon Small Mammal
   334 | D:1      | 334 ||| CASTING Summon Small Mammal
   343 | D:1      | Reached XP level 2. HP: 22/22 MP: 0/3
   373 | D:1      | 373 ||| SWAPPING to +0 hand axe.
   374 | D:1      | 374 ||| DROPPING +0 short sword.
   393 | D:1      | 393 ||| CASTING Summon Small Mammal
   394 | D:1      | 394 ||| CASTING Summon Small Mammal
   395 | D:1      | 395 ||| CASTING Summon Small Mammal
   398 | D:1      | Reached skill level 1 in Fighting
   435 | D:1      | 435 ||| CASTING Summon Small Mammal
   436 | D:1      | 436 ||| CASTING Summon Small Mammal
   437 | D:1      | 437 ||| CASTING Summon Small Mammal
   473 | D:1      | 473 ||| CASTING Summon Small Mammal
   474 | D:1      | 474 ||| CASTING Summon Small Mammal
   475 | D:1      | 475 ||| CASTING Summon Small Mammal
   540 | D:1      | 540 ||| CASTING Summon Small Mammal
   541 | D:1      | 541 ||| CASTING Summon Small Mammal
   542 | D:1      | 542 ||| CASTING Summon Small Mammal
   601 | D:1      | 601 ||| CASTING Summon Small Mammal
   602 | D:1      | 602 ||| CASTING Summon Small Mammal
   603 | D:1      | 603 ||| CASTING Summon Small Mammal
   643 | D:1      | Found a faded altar of an unknown god.
   845 | D:1      | 845 ||| UPGRADING to +0 leather armour.
   855 | D:1      | 855 ||| DROPPING +0 robe.
   856 | D:1      | 856 ||| UPGRADING to +0 pair of gloves.
   861 | D:1      | 861 ||| READING 3 scrolls labelled XAULEWK TIOS.
   862 | D:1      | 862 ||| READING 2 scrolls of enchant armour.
   862 | D:1      | 862 ||| ENCHANTING +0 pair of gloves.
   863 | D:1      | 863 ||| READING scroll of enchant armour.
   863 | D:1      | 863 ||| ENCHANTING +1 pair of gloves.
   864 | D:1      | 864 ||| READING scroll labelled TEJIUWKOLEA.
   865 | D:1      | 865 ||| READING scroll labelled ELO DAFEECS.
   866 | D:1      | 866 ||| DROPPING potion of magic.
   882 | D:2      | 882 ||| CASTING Summon Small Mammal
   883 | D:2      | 883 ||| STAIRDANCE
   917 | D:2      | 917 ||| CASTING Summon Small Mammal
   918 | D:2      | 918 ||| CASTING Summon Small Mammal
   919 | D:2      | 919 ||| CASTING Summon Small Mammal
  1019 | D:2      | 1019 ||| CASTING Summon Small Mammal
  1020 | D:2      | 1020 ||| CASTING Summon Small Mammal
  1021 | D:2      | 1021 ||| CASTING Summon Small Mammal
  1071 | D:2      | 1071 ||| CASTING Summon Small Mammal
  1072 | D:2      | 1072 ||| CASTING Summon Small Mammal
  1073 | D:2      | 1073 ||| CASTING Summon Small Mammal
  1083 | D:2      | 1083 ||| CASTING Summon Small Mammal
  1095 | D:2      | Reached skill level 2 in Axes
  1095 | D:2      | Reached XP level 3. HP: 26/28 MP: 1/4
  1138 | D:2      | 1138 ||| CASTING Summon Small Mammal
  1139 | D:2      | 1139 ||| CASTING Summon Small Mammal
  1140 | D:2      | 1140 ||| CASTING Summon Small Mammal
  1141 | D:2      | 1141 ||| CASTING Summon Small Mammal
  1150 | D:2      | 1150 ||| CASTING Summon Small Mammal
  1254 | D:2      | 1254 ||| Stepping ~*~*~tactically~*~*~ (stealth).
  1255 | D:2      | 1255 ||| CASTING Summon Small Mammal
  1258 | D:2      | 1258 ||| CASTING Summon Small Mammal
  1259 | D:2      | 1259 ||| CASTING Summon Small Mammal
  1260 | D:2      | 1260 ||| CASTING Summon Small Mammal
  1283 | D:2      | Reached XP level 4. HP: 33/37 MP: 2/5
  1353 | D:2      | 1353 ||| DROPPING +0 club.
  1356 | D:2      | 1356 ||| CASTING Summon Small Mammal
  1357 | D:2      | 1357 ||| CASTING Summon Small Mammal
  1358 | D:2      | 1358 ||| CASTING Summon Small Mammal
  1359 | D:2      | 1359 ||| CASTING Summon Small Mammal
  1360 | D:2      | 1360 ||| CASTING Summon Small Mammal
  1441 | D:2      | 1441 ||| CASTING Summon Small Mammal
  1442 | D:2      | 1442 ||| CASTING Summon Small Mammal
  1443 | D:2      | 1443 ||| CASTING Summon Small Mammal
  1444 | D:2      | 1444 ||| CASTING Summon Small Mammal
  1580 | D:2      | 1580 ||| READING scroll labelled XEPHIEWENA.
  1581 | D:2      | 1581 ||| READING scroll labelled ECOQACELIR.
  1582 | D:2      | 1582 ||| READING scroll labelled XEHINW ETUSSOAN.
  1583 | D:2      | 1583 ||| DRINKING 2 grey potions.
  1584 | D:2      | 1584 ||| DROPPING potion of invisibility.
  1618 | D:3      | 1618 ||| CASTING Summon Small Mammal
  1619 | D:3      | 1619 ||| STAIRDANCE
  1631 | D:3      | 1631 ||| CASTING Summon Small Mammal
  1632 | D:3      | 1632 ||| STAIRDANCE
  1704 | D:3      | 1704 ||| CASTING Summon Small Mammal
  1705 | D:3      | 1705 ||| CASTING Summon Small Mammal
  1706 | D:3      | 1706 ||| CASTING Summon Small Mammal
  1707 | D:3      | 1707 ||| CASTING Summon Small Mammal
  1708 | D:3      | 1708 ||| CASTING Summon Small Mammal
  1776 | D:3      | 1776 ||| CASTING Summon Small Mammal
  1789 | D:3      | 1789 ||| CASTING Summon Small Mammal
  1790 | D:3      | 1790 ||| CASTING Summon Small Mammal
  1791 | D:3      | 1791 ||| CASTING Summon Small Mammal
  1792 | D:3      | 1792 ||| CASTING Summon Small Mammal
  1793 | D:3      | 1793 ||| CASTING Summon Small Mammal
  1880 | D:3      | 1880 ||| CASTING Summon Small Mammal
  1881 | D:3      | 1881 ||| CASTING Summon Small Mammal
  1882 | D:3      | 1882 ||| CASTING Summon Small Mammal
  1883 | D:3      | 1883 ||| CASTING Summon Small Mammal
  1884 | D:3      | 1884 ||| CASTING Summon Small Mammal
  1891 | D:3      | 1891 ||| CASTING Summon Small Mammal
  1998 | D:3      | 1998 ||| CASTING Summon Small Mammal
  1999 | D:3      | 1999 ||| CASTING Summon Small Mammal
  2000 | D:3      | 2000 ||| CASTING Summon Small Mammal
  2001 | D:3      | 2001 ||| CASTING Summon Small Mammal
  2002 | D:3      | 2002 ||| CASTING Summon Small Mammal
  2057 | D:3      | 2057 ||| CASTING Summon Small Mammal
  2058 | D:3      | 2058 ||| CASTING Summon Small Mammal
  2059 | D:3      | 2059 ||| CASTING Summon Small Mammal
  2060 | D:3      | 2060 ||| CASTING Summon Small Mammal
  2061 | D:3      | 2061 ||| CASTING Summon Small Mammal
  2155 | D:3      | 2155 ||| CASTING Summon Small Mammal
  2156 | D:3      | 2156 ||| CASTING Summon Small Mammal
  2157 | D:3      | 2157 ||| CASTING Summon Small Mammal
  2158 | D:3      | 2158 ||| CASTING Summon Small Mammal
  2159 | D:3      | 2159 ||| CASTING Summon Small Mammal
  2226 | D:3      | 2226 ||| CASTING Summon Small Mammal
  2227 | D:3      | 2227 ||| CASTING Summon Small Mammal
  2249 | D:3      | Noticed an ogre
  2250 | D:3      | 2250 ||| CASTING Summon Small Mammal
  2251 | D:3      | 2251 ||| CASTING Summon Small Mammal
  2252 | D:3      | 2252 ||| CASTING Summon Small Mammal
  2253 | D:3      | 2253 ||| CASTING Summon Small Mammal
  2254 | D:3      | 2254 ||| CASTING Summon Small Mammal
  2259 | D:3      | Killed an ogre
  2260 | D:3      | Reached skill level 3 in Axes
  2260 | D:3      | Reached XP level 5. HP: 35/42 MP: 1/6
  2264 | D:3      | Reached skill level 4 in Axes
  2264 | D:3      | Found a shimmering blue altar of Sif Muna.
  2268 | D:3      | HP: 5/42 [gnoll/+0 club (6)]
  2272 | D:3      | Slain by a gnoll

Levels and vault maps discovered:
D:1:      lightli_arrival_boilingwater, layout_rooms,
          shapermc_ecumenical_altar_rom_forum, serial_shops, nicolae_shop_trees,
          hex_medium
D:2:      layout_rooms
D:3:      layout_loops_cross, lemuel_tele_altar,
          mainiacjoe_overflow_concentric_impassable, uniq_ijyb

Skill      XL: |  1  2  3  4  5 |
---------------+----------------+-----
Axes           | 1 2 3 4 |  4.0
Fighting       | 1 2 |  2.9
Dodging        | |  1.7
Stealth        | |  2.1
Spellcasting   | |  1.7
Summonings     | |  3.6

Action                   |  1- 3 |  4- 6 || total
-------------------------+-------+-------++-------
Melee: Club              |     5 |       ||     5
       Unarmed           |     1 |       ||     1
       Hand axe          |    56 |    64 ||   120
       Punch             |     1 |     1 ||     2
 Cast: Summon Small Mamm |    46 |    40 ||    86
  Use: Scroll            |     5 |     3 ||     8
       Potion            |       |     1 ||     1
 Stab: Distracted        |     1 |       ||     1
Armor: Leather armour    |    22 |    23 ||    45
       Robe              |     1 |       ||     1
Dodge: Dodged            |    24 |    38 ||    62

Table legend:
 A = Non-vault XP
 B = Vault XP
 C = Vault XP percentage of total XP
 D = Non-vault monster count
 E = Vault monster count
 F = Vault count percentage of total count
                 A         B        C        D         E       F
            +---------+---------+-------+---------+---------+-------
      Total |     283 |       0 |   0.0 |      40 |       0 |   0.0
            +---------+---------+-------+---------+---------+-------
        D:1 |      19 |       0 |   0.0 |      11 |       0 |   0.0
        D:2 |      71 |       0 |   0.0 |      14 |       0 |   0.0
        D:3 |     193 |       0 |   0.0 |      15 |       0 |   0.0
            +---------+---------+-------+---------+---------+-------
